 Dungeon Crawl Stone Soup version 0.29-a0-670-g5ff2a30383 (console) character file.

Game seed: 4698476178983235672

53469 Banquo the Eclecticist (level 15, -34/113 HPs)
             Began as a Djinni Cinder Acolyte on June 24, 2022.
             Was a High Priest of Ignis.
             Killed from afar by Frances (57 damage)
             ... with an iron shot
             ... on level 12 of the Dungeon on June 25, 2022.
             The game lasted 01:49:14 (27400 turns).

Banquo the Eclecticist (Djinni Cinder Acolyte)     Turns: 27400, Time: 01:49:18

Health: -34/113    AC: 13    Str: 13    XL:     15   Next: 10%
Gold:   726        EV: 13    Int: 23    God:    Ignis [*****.] SH:  4 Dex:  9

rFire   + + +      SeeInvis .   f - staff of conjuration
rCold   x . .      Faith    .   i - +0 buckler
rNeg    . . .      Spirit   .   d - +0 troll leather armour
rPois   ∞          Reflect  .   h - +2 helmet
rElec   .          Harm     .   e - +0 cloak
rCorr   .          Rampage  .   (no gloves)
Will    +....                   (boots unavailable)
Stlth   +.........              H - amulet of regeneration
HPRegen 1.88/turn               A - +4 ring of protection
MPRegen 0.00/turn               W - ring of wizardry

@: flying, studying 2 skills
A: sickness immunity, fire resistance 2, cold vulnerability 1, float, innate
caster, HP casting, extra vitality 1
a: Renounce Religion, Fiery Armour, Foxfire Swarm, Rising Flame


You were on level 12 of the Dungeon.
You worshipped Ignis.
Ignis was extremely pleased with you.
You visited 2 branches of the dungeon, and saw 18 of its levels.

You collected 1176 gold pieces.
You spent 450 gold pieces at shops.

Inventory:

Hand Weapons
 a - a +2 short sword of venom
 l - a -1 short sword of flaming
 I - a +2 trident of freezing
 M - a +2 dagger of holy wrath
Missiles
 j - 29 boomerangs
 m - 7 throwing nets
 Q - 52 poisoned darts
Armour
 d - a +0 troll leather armour (worn)
 e - a +0 cloak (worn)
 h - a +2 helmet (worn)
 i - a +0 buckler (worn)
 z - a +0 troll leather armour
Magical Staves
 b - a staff of fire
 f - a staff of conjuration (weapon)
Jewellery
 q - an amulet of the acrobat
 s - a ring of positive energy
 u - a ring of willpower
 A - a +4 ring of protection (left hand)
 H - an amulet of regeneration (around neck)
 W - a ring of wizardry (right hand)
Wands
 g - a wand of quicksilver (6)
 y - a wand of mindburst (18)
 C - a wand of iceblast (36)
 D - a wand of digging (6)
 L - a wand of flame (40)
Scrolls
 o - 2 scrolls of blinking
 r - 3 scrolls of identify
 w - a scroll of fog
 x - 4 scrolls of teleportation
 E - 3 scrolls of fear
 G - a scroll of summoning
 K - 2 scrolls of poison
 N - a scroll of noise
 S - a scroll of silence
Potions
 c - 2 potions of haste
 k - 3 potions of ambrosia
 n - 3 potions of might
 t - 7 potions of curing
 v - 4 potions of heal wounds
 B - 4 potions of berserk rage
 J - a potion of mutation
 T - a potion of brilliance
Miscellaneous
 p - a condenser vane
 F - a phial of floods


   Skills:
 * Level 12.6 Fighting
 - Level 2.6 Short Blades
 * Level 4.7 Armour
 * Level 7.9 Dodging
 * Level 4.2 Shields
 + Level 16.5 Spellcasting


You had 21 spell levels left.
You knew the following spells:

 Your Spells              Type           Power      Damage    Failure   Level
a - Death Channel         Necr           38%        N/A       1%          6
b - Iskenderun's Battles  Conj           97%        2d14      1%          5
i - Call Imp              Summ           76%        N/A       0%          2
l - Summon Lightning Spi  Summ/Air       76%        N/A       1%          4
p - Petrify               Tmut/Erth      76%        N/A       1%          4
r - Searing Ray           Conj           100%       2d8       0%          2
v - Beastly Appendage     Tmut           100%       N/A       0%          1
z - Scorch                Fire           100%       2d10      0%          2
Your spell library was empty.

Dungeon Overview and Level Annotations

Branches:
Dungeon (12/15)            Temple (0/1) D:5            Lair (6/6) D:10
  Swamp (0/4) Lair:3       Spider (0/4) Lair:4        Slime (0/5) Lair:6
    Orc (0/2) D:10

Altars:
Hepliaklqana
Kikubaaqudgha
Okawaru
Sif Muna
Trog
Vehumet
Wu Jian
The Shining One
Lugonu

Shops:
D:1 (   D:11 =

Portals:
Abyss: Lair:6

Annotations:
D:12 Frances; Snorg
Lair:6 3 runed translucent doors, CInkIbrahim's ghost, journeyman GrGl; Umyschoe's ghost, journeyman MiBe; Ydenithru's ghost, journeyman NaCA; generaletaddeo's ghost, journeyman DjHW


Innate Abilities, Weirdness & Mutations

You are immune to sickness and miasma.
You are immune to poison.
Your flesh is very heat resistant. (rF++)
You are vulnerable to cold. (rC-)
You float through the air rather than walking.
You learn spells naturally, not from books.
Your magical power is your life essence.
You have superior vitality. (+4 MHP)


Message History

Your lightning spire shoots out a bolt of lightning at Frances!
The bolt of electricity hits Frances!
Unknown command.
The searing ray hits the sun demon!
The sun demon is heavily wounded.
The searing ray hits Frances but does no damage.
Frances is moderately wounded.
Your battlesphere fires!
The barrage of energy hits the sun demon!!
The sun demon is severely wounded.
You block the sun demon's attack.
The orange demon stings you but does no damage.
Frances hits you from afar with a +0 trident.
The searing ray hits the sun demon but does no damage.
The sun demon is severely wounded.
The searing ray hits Frances!
Frances is moderately wounded.
A barrage of energy appears from out of your range of vision.
The barrage of energy hits the sun demon!!
You kill the sun demon!
The sun demon disappears in a puff of smoke!
The orange demon stings you from afar!
Frances screams a word of power!
The iron shot hits you!!!
* * * LOW HITPOINT WARNING * * *
Your lightning spire shoots out a bolt of lightning at Frances!
The bolt of electricity hits Frances!
The searing ray hits Frances!
Frances is heavily wounded.
* * * LOW HITPOINT WARNING * * *
You finish channelling your searing ray.
Your battlesphere fires!
The barrage of energy hits the orange demon!
The orange demon is lightly wounded.
The orange demon stings you from afar!
* * * LOW HITPOINT WARNING * * *
Frances chants phrases taken from a devil's mouth.
The iron shot hits you!!!
Ouch! That really hurt!
You die...

#................#....##...>.....
#.....................##.........
......................##.........
.................................
#################################
.....# ............# ..... #
.....# ............# ..... #
.....# ......48.*..# ......#
.....# ......@§@...# ......#
'##### ...####.....# #....' ....#
...####'##### ###### .##.#
............# #....' .##.#
............# #....# .##.#
........)...# #....# .##.#
............# #....# .##.#
............# #....#
....#############...# ######


You could see Frances (ally target), an orange demon (summoned, ally target), a
friendly lightning spire (summoned) and a friendly battlesphere.

Vanquished Creatures
  Gastronok (D:12)
  7 hydras
  2 boulder beetles
  Harold (Lair:1)
  A death yak (Lair:6)
  3 thrashing horrors (Lair:6)
  Nergalle (Lair:1)
  An ugly thing (Lair:6)
  5 cane toads
  A smoke demon (Lair:6)
  A torpor snail (Lair:4)
  Psyche (D:8)
  4 kobold demonologists
  A rime drake (Lair:2)
  4 komodo dragons
  An ancient zyme (Lair:6)
  A troll (D:9)
  3 polar bears
  Grinder (D:4)
  Prince Ribbit (D:6)
  17 blink frogs
  A raiju (shapeshifter) (Lair:6)
  2 ynoxinuls (Lair:6)
  2 jumping spiders (Lair:4)
  21 yaks
  3 wyverns
  A vampire (D:9)
  5 spriggans (Lair:4)
  A redback (Lair:4)
  4 basilisks
  A steam dragon (D:5)
  4 vampire mosquitoes
  7 water moccasins
  6 orc warriors
  A sky beast (D:8)
  5 ogres
  9 wolves
  3 centaurs
  A lemure (D:8)
  A phantom (D:5)
  5 kobold brigands
  Blork the orc (D:5)
  8 bullfrogs
  7 small abominations (Lair:6)
  A gnoll sergeant (D:10)
  A scorpion (D:5)
  2 wights (D:7)
  9 howler monkeys
  6 jellies
  8 hounds
  4 orc priests
  2 gnoll shamans
  Natasha (thrice) (D:2)
  Ijyb (D:4)
  7 iguanas
  6 orc wizards
  4 hell rats (Lair:4)
  Robin (D:4)
  14 gnolls
  13 adders
  2 white imps
  An ufetubus (D:7)
  A worm (D:2)
  6 dart slugs
  37 orcs
  7 ball pythons
  9 endoplasms
  6 giant cockroaches
  13 goblins
  4 hobgoblins
  18 kobolds
  6 quokkas
  5 bats
  3 rats
357 creatures vanquished.

Vanquished Creatures (collateral kills)
  Nessos (D:12)
  2 hydras
  A boulder beetle (D:12)
  A two-headed ogre (D:10)
  A death yak (Lair:6)
  Pikel (D:8)
  2 ugly things
  A manticore (shapeshifter) (Lair:6)
  2 black mambas
  Maurice (D:8)
  9 cane toads
  A smoke demon (Lair:6)
  A torpor snail (Lair:6)
  3 komodo dragons
  An ancient zyme (Lair:6)
  3 trolls
  2 hornets
  2 polar bears
  3 blink frogs
  A jumping spider (Lair:4)
  A shadow (D:11)
  A spriggan (Lair:4)
  A wyvern (Lair:3)
  17 yaks
  2 wraiths (D:10)
  A basilisk (Lair:6)
  2 steam dragons
  A chaos spawn (Lair:6)
  7 vampire mosquitoes
  5 water moccasins
  6 orc warriors
  6 ogres
  7 wolves
  A centaur (D:6)
  3 kobold brigands
  4 bullfrogs
  2 gnoll sergeants
  2 wights (D:7)
  A howler monkey (D:12)
  A hound (D:7)
  3 jellies (Lair:6)
  7 orc priests
  Crazy Yiuf (D:2)
  An iguana (Lair:3)
  7 orc wizards
  3 hell rats (Lair:4)
  5 small abominations (Lair:6)
  An adder (D:5)
  2 gnolls
  26 orcs
  An endoplasm (Lair:6)
  6 kobolds
173 creatures vanquished.

Vanquished Creatures (others)
  A wizard (D:3)
  A bush (Lair:4)
  22 fungi
  46 plants
  2 withered plants (Lair:6)
72 creatures vanquished.

Grand Total: 602 creatures vanquished

Notes
Turn   | Place    | Note
-------+----------+-------------------------------------------
     0 | D:1      | Banquo the Djinni Cinder Acolyte began the quest for the
                  | Orb.
     0 | D:1      | Banquo set off with the following spells memorised: Scorch.
     0 | D:1      | Reached XP level 1. HP: 20/20 MP: 0/0
    34 | D:1      | Found Meywakol's Weapon Shop.
   155 | D:1      | Found a faded altar of an unknown god.
   395 | D:1      | Reached XP level 2. HP: 21/25 MP: 0/0
   881 | D:2      | Noticed Natasha
   892 | D:2      | Noticed a crimson imp
   892 | D:2      | Killed Natasha
   893 | D:2      | Reached skill level 3 in Spellcasting
   893 | D:2      | Reached XP level 3. HP: 3/30 MP: 0/0
   893 | D:2      | Learned a level 1 spell: Beastly Appendage
   897 | D:2      | Noticed Natasha
  1184 | D:2      | Reached XP level 4. HP: 33/37 MP: 0/0
  1507 | D:2      | Found a runed translucent door.
  1508 | D:2      | Noticed Crazy Yiuf
  1640 | D:2      | Found a hazy altar of Hepliaklqana.
  1953 | D:2      | Killed Natasha
  1954 | D:2      | Reached XP level 5. HP: 37/41 MP: 0/0
  1954 | D:2      | Learned a level 2 spell: Call Imp
  2410 | D:2      | Found a runed translucent door.
  2734 | D:2      | Noticed Natasha
  2736 | D:2      | Killed Natasha
  2765 | D:2      | Found a hazy altar of Hepliaklqana.
  3399 | D:3      | Reached skill level 4 in Spellcasting
  3470 | D:3      | Found a bloodstained altar of Trog.
  3473 | D:3      | Noticed a wizard
  3479 | D:3      | Killed a wizard
  4196 | D:4      | Noticed Grinder
  4225 | D:4      | Reached XP level 6. HP: 43/47 MP: 0/0
  4229 | D:4      | Paralysed by Grinder for 2 turns
  4238 | D:4      | Paralysed by Grinder for 2 turns
  4241 | D:4      | Paralysed by Grinder for 5 turns
  4251 | D:4      | Killed Grinder
  4252 | D:4      | Reached skill level 1 in Dodging
  4252 | D:4      | Reached skill level 5 in Spellcasting
  4252 | D:4      | Reached XP level 7. HP: 27/52 MP: 0/0
  4252 | D:4      | Learned a level 2 spell: Searing Ray
  4935 | D:4      | Noticed Ijyb
  4938 | D:4      | Killed Ijyb
  5424 | D:4      | Reached skill level 6 in Spellcasting
  5424 | D:4      | Reached XP level 8. HP: 51/58 MP: 0/0
  5815 | D:4      | Noticed Robin
  5817 | D:4      | Killed Robin
  7015 | D:5      | Entered Level 5 of the Dungeon
  7363 | D:5      | Noticed Blork the orc
  7368 | D:5      | Killed Blork the orc
  7369 | D:5      | Reached skill level 7 in Spellcasting
  7444 | D:5      | Reached skill level 5 in Fighting
  7596 | D:5      | Found a staircase to the Ecumenical Temple.
  7679 | D:5      | Found an ornate altar of the Wu Jian Council.
  7784 | D:5      | Found an iron altar of Okawaru.
  7794 | D:5      | Reached XP level 9. HP: 61/65 MP: 0/0
  7794 | D:5      | Learned a level 4 spell: Summon Lightning Spire
  8709 | D:6      | Noticed Prince Ribbit
  9016 | D:6      | Reached skill level 8 in Spellcasting
  9040 | D:6      | Killed Prince Ribbit
 10480 | D:7      | Reached skill level 9 in Spellcasting
 10488 | D:7      | Reached XP level 10. HP: 48/72 MP: 0/0
 11455 | D:8      | Reached skill level 10 in Spellcasting
 12042 | D:8      | Noticed Maurice
 12095 | D:8      | Killed Maurice
 12271 | D:8      | Noticed Pikel
 12275 | D:8      | Killed Pikel
 12535 | D:8      | Reached XP level 11. HP: 74/79 MP: 0/0
 12535 | D:8      | Learned a level 4 spell: Petrify
 12579 | D:8      | Noticed Psyche
 12589 | D:8      | Killed Psyche
 12590 | D:8      | Reached skill level 11 in Spellcasting
 13857 | D:9      | Reached skill level 12 in Spellcasting
 14244 | D:10     | Entered Level 10 of the Dungeon
 14395 | D:10     | Found a staircase to the Orcish Mines.
 14563 | D:10     | Noticed a two-headed ogre
 14571 | D:10     | Killed a two-headed ogre
 15319 | D:10     | Reached XP level 12. HP: 39/88 MP: 0/0
 15959 | D:10     | Found a glowing golden altar of the Shining One.
 16214 | D:10     | Found a staircase to the Lair.
 16405 | D:10     | Found a glowing golden altar of the Shining One.
 16658 | D:10     | Found a staircase to the Lair.
 17118 | Lair:1   | Entered Level 1 of the Lair of Beasts
 17123 | Lair:1   | Reached skill level 13 in Spellcasting
 17253 | Lair:1   | Identified the +1 leather armour of the Lobster {Fly rF+
                  | Will- Int+2}
 17377 | Lair:1   | Noticed Harold
 17383 | Lair:1   | Killed Harold
 17906 | Lair:1   | Noticed Nergalle
 17919 | Lair:1   | Killed Nergalle
 18088 | Lair:2   | Noticed a seven-headed hydra
 18088 | Lair:2   | Noticed a seven-headed hydra
 18361 | Lair:2   | Killed a seven-headed hydra
 18576 | Lair:2   | Noticed a boulder beetle
 18590 | Lair:2   | HP: 3/89 [boulder beetle (25)]
 18592 | Lair:2   | Killed a boulder beetle
 18771 | Lair:2   | Reached skill level 14 in Spellcasting
 18855 | Lair:2   | Reached XP level 13. HP: 88/94 MP: 0/0
 18855 | Lair:2   | Learned a level 5 spell: Iskenderun's Battlesphere
 18960 | Lair:2   | Killed a seven-headed hydra
 19125 | Lair:3   | Identified the +1 ring mail of Tartarus {Fly rF- Int+3}
 19668 | Lair:3   | Found a staircase to the Swamp.
 19668 | Lair:3   | Noticed a four-headed hydra
 19692 | Lair:3   | Killed a four-headed hydra
 19777 | Lair:3   | Identified a scroll of acquirement
 19778 | Lair:3   | Acquired a manual of Fighting
 19820 | Lair:3   | Reached skill level 10 in Fighting
 20498 | Lair:3   | Found a staircase to the Swamp.
 21379 | Lair:4   | Reached skill level 15 in Spellcasting
 21492 | Lair:4   | Found the +14 obsidian axe {vorpal, Mesm Drain Fly SInv}
 21494 | Lair:4   | Identified the +7 arbalest "Yczoadet" {elec, Dex+7}
 21560 | Lair:4   | Noticed a seven-headed hydra
 21596 | Lair:4   | Killed a seven-headed hydra
 21608 | Lair:4   | Found a hole to the Spider Nest.
 22483 | Lair:4   | Found a hole to the Spider Nest.
 23423 | Lair:5   | Acquired a manual of Dodging
 23446 | Lair:5   | Reached skill level 1 in Armour
 23462 | Lair:5   | Noticed an eight-headed hydra
 23469 | Lair:5   | Killed an eight-headed hydra
 23470 | Lair:5   | Reached skill level 1 in Shields
 23798 | Lair:5   | Reached XP level 14. HP: 93/105 MP: 0/0
 23938 | Lair:5   | Reached skill level 5 in Dodging
 24164 | Lair:6   | Entered Level 6 of the Lair of Beasts
 24195 | Lair:6   | Found a staircase to the Slime Pits.
 24426 | Lair:6   | Found a runed translucent gate.
 24426 | Lair:6   | Found a runed translucent gate.
 24426 | Lair:6   | Found a runed translucent gate.
 24442 | Lair:6   | Noticed generaletaddeo's ghost (journeyman DjHW)
 24442 | Lair:6   | Noticed CInkIbrahim's ghost (journeyman GrGl)
 24442 | Lair:6   | Noticed Umyschoe's ghost (journeyman MiBe)
 24442 | Lair:6   | Noticed Ydenithru's ghost (journeyman NaCA)
 24941 | Lair:6   | Reached skill level 16 in Spellcasting
 25441 | Lair:6   | Found a corrupted altar of Lugonu.
 25441 | Lair:6   | Found a one-way gate to the infinite horrors of the Abyss.
 26036 | D:2      | Killed Crazy Yiuf
 26437 | D:11     | Found Asoisihe's Jewellery Shoppe.
 26440 | D:11     | Bought an amulet of regeneration for 450 gold pieces
 26982 | D:12     | Noticed Nessos
 26993 | D:12     | Killed Nessos
 27177 | D:12     | Reached XP level 15. HP: 111/113 MP: 0/0
 27177 | D:12     | Learned a level 6 spell: Death Channel
 27291 | D:12     | Noticed Snorg
 27345 | D:12     | Noticed Gastronok
 27356 | D:12     | Killed Gastronok
 27393 | D:12     | Noticed Frances
 27400 | D:12     | Killed from afar by Frances

Illustrated notes

Levels and vault maps discovered:
D:1:      minmay_arrival_three_doors, layout_rooms, serial_shops,
          nicolae_shop_bloodbath_and_beyond,
          shapermc_ecumenical_altar_mp_highgroup, grunt_decor_resistance
D:2:      layout_loops_ring, basic_altar, uniq_crazy_yiuf_cottage, uniq_natasha
D:3:      layout_basic, trog_wizard, nicolae_vehumet_radiance,
          serial_corexii_hall, corexii_hall_statues_deadend,
          corexii_hall_statues_i
D:4:      minmay_thinvault, layout_basic, uniq_grinder, uniq_ijyb, uniq_robin
D:5:      layout_basic, okawaru_trees_2,
          chequers_temple_overflow_statue_of_worship,
          minmay_temple_entry_from_below_a, kennysheep_generic_room_13,
          uniq_blork_the_orc
D:6:      layout_basic, uniq_prince_ribbit1
D:7:      layout_basic, grunt_decor_clamped, st_stairs_4
D:8:      layout_cave_pods, uniq_psyche, uniq_maurice, uniq_pikel
D:9:      layout_rooms
D:10:     layout_roguey [special_room_orc], nicolae_tso_swordbearing_angel,
          lair_entry_dummy, kennysheep_orc_monster_closet_entryway,
          grunt_ogre_cave
D:11:     layout_cave_pools, serial_shops, nicolae_shop_window_shopping,
          mrwooster_statue_mirror
D:12:     layout_stronghold, uniq_nessos, uniq_lodul, uniq_gastronok,
          uniq_snorg, uniq_frances
Lair:1:   layout_concentric_octagons, uniq_harold, uniq_nergalle
Lair:2:   layout_loops_ring, grunt_megastairs_1
Lair:3:   layout_layer_cave, minmay_swamp_entry_reptiles, beast_lair_carwin_9,
          grunt_megastairs_3
Lair:4:   layout_concentric_octagons, spider_nest_entry_a,
          chequers_serial_rivers_room_a, wad_woods_01, grunt_megastairs_5,
          serial_bayou_shore_b
Lair:5:   layout_roguey, infiniplex_staircase_pool_2
Lair:6:   hellmonk_lair_end_abyssal_woods, layout_misc_corridors,
          nicolae_slime_entry_slimehenge, gammafunk_ghost_cemetery

Skill      XL: |  1  2  3  4  5  6  7  8  9 10 11 12 13 14 |
---------------+-------------------------------------------+-----
Spellcasting   | 3 4 5 6 7 9 10 12 14 15 16 | 16.5
Fighting       | 4 5 6 7 8 9 11 12 | 12.6
Dodging        | 1 2 4 7 |  7.9
Armour         | 1 4 |  4.7
Shields        | 1 4 |  4.2
Short Blades   | |  2.6

Action                   |  1- 3 |  4- 6 |  7- 9 | 10-12 | 13-15 || total
-------------------------+-------+-------+-------+-------+-------++-------
Melee: Short sword       |    27 |       |       |       |       ||    27
 Cast: Scorch            |    10 |    42 |   135 |   196 |    26 ||   409
       Beastly Appendage |       |     2 |       |       |       ||     2
       Searing Ray       |       |       |    21 |    30 |   124 ||   175
       Summon Lightning  |       |       |    10 |    64 |    84 ||   158
       Call Imp          |       |       |       |     1 |       ||     1
       Petrify           |       |       |       |     1 |       ||     1
       Iskenderun's Batt |       |       |       |       |    73 ||    73
  Use: Potion            |     1 |       |       |     1 |       ||     2
       Scroll            |       |       |    10 |    12 |     6 ||    28
Armor: Robe              |     6 |     3 |    10 |    15 |       ||    34
       Troll leather arm |       |       |       |    11 |    23 ||    34
Dodge: Dodged            |    10 |     5 |    36 |    93 |   112 ||   256
Block: Buckler           |       |       |       |       |    21 ||    21

Table legend: (Time is in decaauts)
 A = Elapsed time spent in this place.
 B = Non-inter-level travel time spent in this place.
 C = Inter-level travel time spent in this place.
 D = Time resting spent in this place.
 E = Time spent auto-exploring this place.
 F = Levels seen in this place.
 G = Mean time per level.
                   A        B        C        D        E       F      G
               +--------+--------+--------+--------+--------+-----+--------+
         Total |  27424 |  25496 |   1928 |   4088 |  16994 |  18 | 1523.6 |
       Dungeon |  18807 |  17535 |   1272 |   3322 |  11420 |  12 | 1567.2 |
          Lair |   8617 |   7961 |    656 |    766 |   5574 |   6 | 1436.2 |
               +--------+--------+--------+--------+--------+-----+--------+

Top non-repeatable levels by time:
     D:4: 3055 daAuts
    D:10: 2935 daAuts
  Lair:3: 2226 daAuts
     D:2: 2116 daAuts
  Lair:4: 1958 daAuts
     D:5: 1912 daAuts
     D:8: 1778 daAuts
  Lair:6: 1452 daAuts
     D:7: 1402 daAuts
     D:6: 1205 daAuts
     D:9: 1166 daAuts
  Lair:1: 1114 daAuts
     D:1: 1101 daAuts
  Lair:2: 1078 daAuts
     D:3: 1040 daAuts
